 Dungeon Crawl Stone Soup version 0.20-a0-1058-g0491fde (webtiles) character file.

88 JeffiDaFish the Grave Robber (level 4, 0/30 HPs)
             Began as a Mummy Necromancer on Apr 26, 2017.
             Slain by a hound (3 damage)
             ... on level 3 of the Dungeon.
             The game lasted 00:13:10 (2160 turns).

JeffiDaFish the Grave Robber (Mummy Necromancer)    Turns: 2160, Time: 00:13:10

Health: 0/30       AC:  6    Str: 11    XL:     4   Next: 29%
Magic:  2/10       EV: 10    Int: 14    God:
Gold:   53         SH:  3    Dex: 13    Spells: 6/11 levels left

rFire    x . .     SeeInvis .   d - +0 spear
rCold    + . .     Gourm    .   f - +0 buckler
rNeg     + + +     Faith    .   e - +0 ring mail (curse)
rPois    ∞         Spirit   .   (no helmet)
rElec    .         Reflect  .   c - +0 cloak
rCorr    .         Harm     .   (no gloves)
MR       .....                  (no boots)
Stlth    +.........             (no amulet)
Regen    0.1/turn               (no ring)
MPRegen  0.2/turn               (no ring)

@: very slightly contaminated
A: no food or potions, fire vulnerability, cold resistance 1, negative energy
resistance 3, torment resistance, unbreathing
a: no special abilities


You were on level 3 of the Dungeon.
You were not hungry.

You visited 1 branch of the dungeon, and saw 3 of its levels.

You collected 53 gold pieces.

Inventory:

Hand Weapons
 d - a +0 spear (weapon)
Armour
 a - a +3 ring mail
 c - a +0 cloak (worn)
 e - a cursed +0 ring mail (worn)
 f - a +0 buckler (worn)
Books
 b - a book of Necromancy

   Spells                             Type                      Level
   a - Pain                           Necromancy                   1
   b - Animate Skeleton               Necromancy                   1
   c - Vampiric Draining              Necromancy                   3
   d - Regeneration                   Charms/Necromancy            3
   e - Animate Dead                   Necromancy                   4
   f - Control Undead                 Necromancy                   4


   Skills:
 + Level 0.2 Fighting
 - Level 0.1 Polearms
 - Level 0.1 Armour
 + Level 2.0 Dodging
 + Level 1.8 Stealth
 * Level 0.2 Shields
 * Level 4.0 Spellcasting
 * Level 4.6 Necromancy


You had 6 spell levels left.
You knew the following spells:

 Your Spells              Type           Power        Failure   Level  Hunger
a - Pain                  Necr           ###.         11%         1    N/A
b - Animate Skeleton      Necr           N/A          11%         1    N/A
c - Vampiric Draining     Necr           ###.......   32%         3    N/A

Dungeon Overview and Level Annotations

Branches:
Dungeon (3/15)

Altars:

Annotations:
D:3 Grinder


Innate Abilities, Weirdness & Mutations

You do not eat or drink.
Your flesh is vulnerable to fire.
You are immune to poison.
Your flesh is cold resistant. (rC+)
You are immune to negative energy. (rN+++)
You are immune to unholy pain and torment.
You can survive without breathing.


Message History

Press: ? - help, Shift-Dir - straight line, f/p - hound
Aim: a hound (lightly wounded)
You miscast Vampiric Draining.
You hear strange and distant voices.
The hound bites you.
* * * LOW HITPOINT WARNING * * *
The orc priest miscasts a cantrip.
A rat comes into view.
The hound bites you.
* * * LOW HITPOINT WARNING * * *
You can't drink.
The hound stops to sniff the ground.
The hound bites you but does no damage.
Found a stone staircase leading down.
Found 13 gold pieces and a leather armour.
The hound barely misses you. The hound closely misses you.
There is a stone staircase leading down here.
The hound bites you.
You die...

#.#†#####........
#....†o.........#
#.#######r######
#.##.r.o$?#
#.##.######
.##o## # #...#
#.#h..#####
#..@.......
#.......###
#.......#
#.....$.[#
###...##.# #####
... ##


You could see a hound, an orc priest and a rat.

Vanquished Creatures
  A gnoll (D:1)
  An adder (D:3)
  An ooze (D:1)
  A worm (D:2)
  4 dart slugs
  A leopard gecko (D:2)
  2 orcs
  2 bats (D:1)
  4 goblins
  8 hobgoblins
  A quokka (D:3)
  A ball python (D:1)
  2 frilled lizards
  6 kobolds
  5 rats
40 creatures vanquished.

Vanquished Creatures (collateral kills)
  A gnoll (D:1)
  A kobold (D:1)
  A ball python (D:1)
  A bat (D:1)
4 creatures vanquished.

Grand Total: 44 creatures vanquished

Notes
Turn   | Place    | Note
-------+----------+-------------------------------------------
     0 | D:1      | JeffiDaFish the Mummy Necromancer began the quest for the Orb.
     0 | D:1      | Reached XP level 1. HP: 13/13 MP: 4/4
    83 | D:1      | Learned a level 1 spell: Animate Skeleton
   362 | D:1      | Reached XP level 2. HP: 16/19 MP: 0/6
   512 | D:1      | Reached XP level 3. HP: 23/24 MP: 5/8
  1228 | D:2      | Learned a level 3 spell: Vampiric Draining
  1704 | D:2      | Reached XP level 4. HP: 30/30 MP: 5/9
  1806 | D:3      | Noticed Grinder
  2160 | D:3      | Slain by a hound

Vault maps used:
D:1:      wheals_arrival_linesprint, minmay_pentomino_t2
D:3:      uniq_terence, uniq_grinder

Skill      XL: |  1  2  3  4 |
---------------+-------------+-----
Spellcasting   | 3 4 |  4.0
Dodging        | 2 |  2.0
Fighting       | |  0.2
Polearms       | |  0.1
Armour         | |  0.1
Stealth        | |  1.8
Shields        | |  0.2
Necromancy     | |  4.6

Action                   |  1- 3 |  4- 6 || total
-------------------------+-------+-------++-------
Melee: Unarmed           |    12 |       ||    12
       Spear             |    40 |    40 ||    80
 Cast: Pain              |    54 |    12 ||    66
       Animate Skeleton  |    15 |     1 ||    16
  Use: Scroll            |     3 |       ||     3
 Stab: Sleeping          |     1 |     1 ||     2
Armor: Robe              |     4 |       ||     4
       Ring mail         |     8 |    16 ||    24
Dodge: Dodged            |    22 |    21 ||    43
Block: Buckler           |       |     7 ||     7
